 Dungeon Crawl Stone Soup version 0.26-a0-264-g3a471323bd (webtiles) character file.

Game seed: 4474293458114848632

61 Bikalo the Poker (level 4, 0/40 HPs)
             Began as a Hill Orc Monk on July 11, 2020.
             Slain by a white imp (2 damage)
             ... summoned by Natasha
             ... on level 3 of the Dungeon.
             The game lasted 00:03:13 (2639 turns).

Bikalo the Poker (Hill Orc Monk)                    Turns: 2639, Time: 00:03:13

Health: 0/40       AC:  2    Str: 14    XL:     4   Next: 7%
Magic:  4/4        EV: 14    Int: 10    God:
Gold:   143        SH:  0    Dex: 19    Spells: 3/3 levels left

rFire    . . .     SeeInvis .   a - +0 spear
rCold    . . .     Faith    .   (no shield)
rNeg     . . .     Spirit   .   b - +0 robe
rPois    .         Reflect  .   (no helmet)
rElec    .         Harm     .   (no cloak)
rCorr    .                      (no gloves)
MR       .....                  (no boots)
Stlth    ++........             (no amulet)
HPRegen  0.13/turn              f - +6 ring of dexterity
MPRegen  0.09/turn              (no ring)

@: slowed, very slow
A: no striking features
a: no special abilities


You were on level 3 of the Dungeon.
You were not hungry.

You visited 1 branch of the dungeon, and saw 3 of its levels.

You collected 143 gold pieces.

Inventory:

Hand Weapons
 a - a +0 spear (weapon)
Armour
 b - a +0 robe (worn)
Jewellery
 f - a +6 ring of dexterity (left hand)
Scrolls
 d - a scroll of random uselessness {unknown}
 g - 4 scrolls of identify {unknown}
 k - 2 scrolls of teleportation {unknown}
 m - 3 scrolls of remove curse {unknown}
Potions
 e - a potion of brilliance {unknown}
 h - a potion of resistance {unknown}
 i - a potion of lignification {unknown}
 j - 2 potions of mutation {unknown}
 l - a potion of flight {unknown}
Comestibles
 c - 8 rations


   Skills:
 + Level 4.2 Fighting
 * Level 4.4 Polearms
 + Level 2.9 Dodging
 - Level 1.5 Stealth


You had 3 spell levels left.
You didn't know any spells.
Your spell library was empty.

Dungeon Overview and Level Annotations

Branches:
Dungeon (3/15)

Altars:
Okawaru

Annotations:
D:3 Natasha


Message History

Natasha is moderately wounded.
Natasha claws you!
You hit Natasha.
Natasha is heavily wounded.
Natasha mumbles some strange words.
The white imp gestures at you. The puff of frost hits you!
You closely miss Natasha.
Natasha is heavily wounded.
Natasha barely misses you. The white imp gestures at you.
The puff of frost hits you!
* * * LOW HITPOINT WARNING * * *
You hit the white imp but do no damage.
Natasha stares at you and mumbles some strange words.
You feel yourself slow down.
The white imp sputters.
The white imp hits you.
* * * LOW HITPOINT WARNING * * *
The white imp freezes you.
You die...

#<...# #.# ######
#.#### #....##
#.##..###
#.#.....##
#........##
#...≈≈≈...#
#######.5≈≈≈≈≈....#
......h@.≈≈♣≈≈.....
######.5.≈≈≈≈≈.....
#♣...≈≈≈...♣##
♣♣.......♣♣
♣♣.....♣♣ ♣♣...♣♣
....♣ ....(


You could see Natasha and 2 white imps.

Vanquished Creatures
  An adder (D:2)
  2 worms (D:2)
  2 dart slugs (D:1)
  A leopard gecko (D:2)
  A giant cockroach (D:1)
  11 goblins
  7 hobgoblins
  4 jackals (D:2)
  A bat (D:1)
  3 frilled lizards
  2 kobolds
  4 rats
39 creatures vanquished.

Notes
Turn   | Place    | Note
-------+----------+-------------------------------------------
     0 | D:1      | Bikalo the Hill Orc Monk began the quest for the Orb.
     0 | D:1      | Reached XP level 1. HP: 19/19 MP: 1/1
    99 | D:1      | Reached XP level 2. HP: 21/27 MP: 2/2
   903 | D:1      | Reached XP level 3. HP: 33/33 MP: 3/3
  1668 | D:2      | Found an iron altar of Okawaru.
  1999 | D:2      | Reached XP level 4. HP: 16/40 MP: 4/4
  2626 | D:3      | Noticed Natasha
  2639 | D:3      | HP: 2/40 [white imp[Natasha] (3)]
  2639 | D:3      | Slain by a white imp

Illustrated notes

Levels and vault maps discovered:
D:1:      onia_arrival_mini_spirals, layout_basic, item_on_display_a
D:2:      layout_rooms, okawaru_ov_weapons_minmay
D:3:      layout_loops_corners, marbit_many_paths, minitemple,
          portal_sewer_entry_f, elyvilon_altar_3, uniq_natasha

Skill      XL: |  1  2  3 |
---------------+----------+-----
Fighting       | 4 |  4.2
Polearms       | 4 |  4.4
Dodging        | |  2.9
Stealth        | |  1.5

Action                   |  1- 3 |  4- 6 || total
-------------------------+-------+-------++-------
Melee: Spear             |   174 |    19 ||   193
 Stab: Sleeping          |     7 |     1 ||     8
       Distracted        |     1 |       ||     1
  Eat: Ration            |     1 |     1 ||     2
Armor: Robe              |    11 |       ||    11
Dodge: Dodged            |    72 |     5 ||    77

Table legend:
 A = Non-vault XP
 B = Vault XP
 C = Vault XP percentage of total XP
 D = Non-vault monster count
 E = Vault monster count
 F = Vault count percentage of total count
                 A         B        C        D         E       F
            +---------+---------+-------+---------+---------+-------
      Total |      88 |       0 |   0.0 |      39 |       0 |   0.0
            +---------+---------+-------+---------+---------+-------
        D:1 |      36 |       0 |   0.0 |      19 |       0 |   0.0
        D:2 |      50 |       0 |   0.0 |      19 |       0 |   0.0
        D:3 |       2 |       0 |   0.0 |       1 |       0 |   0.0
            +---------+---------+-------+---------+---------+-------
